 Dungeon Crawl Stone Soup version 0.29-a0-923-g6e406bff71 (webtiles) character file.

Game seed: 2649125444290993441

3196 2tc the Spear-Bearer (level 9, -4/61 HPs)
             Began as a Demonspawn Gladiator on July 28, 2022.
             Was a Believer of Kikubaaqudgha.
             Slain by a warg (5 damage)
             ... on level 8 of the Dungeon.
             The game lasted 00:37:30 (12676 turns).

2tc the Spear-Bearer (Demonspawn Gladiator)        Turns: 12676, Time: 00:37:30

Health: -4/61      AC: 13    Str: 14    XL:     9   Next: 64%
Magic:  2/9        EV: 12    Int: 13    God:    Kikubaaqudgha [**....]
Gold:   399        SH:  0    Dex: 16    Spells: 4/8 levels left

rFire   . . .      SeeInvis .   m - +0 spear
rCold   + . .      Faith    .   (no shield)
rNeg    . . .      Spirit   .   o - +3 leather armour
rPois   .          Reflect  .   c - +0 helmet
rElec   .          Harm     .   (no cloak)
rCorr   +          Rampage  .   i - +2 pair of gloves
Will    .....                   (no boots)
Stlth   +.........              (no amulet)
HPRegen 0.20/turn               f - ring of protection from cold
MPRegen 0.22/turn               j - ring of resist corrosion

@: studying Axes
A: claws 2, yellow scales 2, magic regeneration
a: Renounce Religion, Unearth Wretches


You were on level 8 of the Dungeon.
You worshipped Kikubaaqudgha.
Kikubaaqudgha was pleased with you.
You visited 2 branches of the dungeon, and saw 9 of its levels.

You collected 399 gold pieces.

Inventory:

Hand Weapons
 a - a +0 trident
 b - a +0 spear
 m - a +0 spear (weapon)
Missiles
 e - 4 javelins
Armour
 c - a +0 helmet (worn)
 i - a +2 pair of gloves (worn)
 o - a +3 leather armour (worn)
 q - the +3 ring mail of Favvow {rN+ Str+2 Stlth+}
   (You found it on level 3 of the Dungeon)

   Str:       It affects your strength (+2).
   rN:        It protects you from negative energy.
   Stlth:     It makes you more stealthy.
Jewellery
 f - a ring of protection from cold (left hand)
 j - a ring of resist corrosion (right hand)
Wands
 n - a wand of polymorph (7)
 s - a wand of flame (2)
Scrolls
 h - a scroll of fog
 l - a scroll of blinking
 r - a scroll of identify
Potions
 d - a potion of cancellation
 g - a potion of attraction
 k - a potion of mutation


   Skills:
 - Level 2.0 Fighting
 - Level 12.0 Polearms
 - Level 1.7 Throwing
 - Level 2.6 Dodging
 * Level 5.1 Necromancy


You had 4 spell levels left.
You knew the following spells:

 Your Spells              Type           Power      Damage    Failure   Level
a - Necrotise             Necr           52%        1d6       4%          1
b - Vampiric Draining     Necr           13%        2d6       14%         3

Your spell library contained the following spells:

 Spells                   Type           Power      Damage    Failure   Level
 Sublimation of Blood     Necr           13%        N/A       8%          2
 Apportation              Tloc           0%         N/A       36%         1
 Summon Small Mammal      Summ           0%         N/A       36%         1
 Animate Dead             Necr           13%        N/A       43%         4
 Poisonous Vapours        Pois/Air       0%         N/A       52%         2
 Call Canine Familiar     Summ           0%         N/A       75%         3
 Gell's Gravitas          Tloc           0%         N/A       75%         3
 Ignite Poison            Fire/Tmut/Pois 0%         N/A       75%         3
 Lesser Beckoning         Tloc           0%         N/A       75%         3
 Mephitic Cloud           Conj/Pois/Air  0%         N/A       75%         3
 Ozocubu's Armour         Ice            0%         N/A       75%         3
 Summon Guardian Golem    Hex/Summ       0%         N/A       75%         3
 Teleport Other           Tloc           0%         N/A       75%         3
 Anguish                  Hex/Necr       3%         N/A       80%         4
 Corpse Rot               Necr/Pois/Air  4%         N/A       89%         4
 Agony                    Necr           13%        N/A       80%         5
 Freezing Cloud           Conj/Ice/Air   0%         6-21      100%        5
 Dispersal                Tloc           0%         N/A       100%        6
 Ozocubu's Refrigeration  Ice            0%         4d5       100%        7
 Disjunction              Tloc           0%         N/A       100%        8


Dungeon Overview and Level Annotations

Branches:
Dungeon (8/15)             Temple (1/1) D:4
   Lair: D:8-11

Altars:
Ashenzari
Cheibriados
Dithmenos
Fedhas
Gozag
Hepliaklqana
Kikubaaqudgha
Makhleb
Nemelex Xobeh
Okawaru
Qazlal
Ru
Sif Muna
Trog
Uskayaw
Vehumet
Wu Jian
Xom

Annotations:
D:4 Natasha
Temple 2 transporters


Innate Abilities, Weirdness & Mutations

You have very sharp fingernails.
You are mostly covered in yellow scales. (AC +3)
You regenerate magic rapidly.


Message History

You need to enable at least one skill for training.
You hit the warg.
The warg is lightly wounded.
Casting: Vampiric Draining (dangerous; 14% risk of failure)
Confirm with . or Enter, or press ? or * to list all spells.
Aiming: Vampiric Draining (dangerous; 14% risk of failure)
Press: ? - help, Shift-Dir - straight line, f - warg
Aim: a warg (lightly wounded)
You draw life force from the warg.
You feel life coursing into your body. The warg bites you.
* * * LOW HITPOINT WARNING * * *
The warg closely misses you.
Okay, then.
You hit the warg.
The warg is moderately wounded.
You closely miss the warg.
The warg is moderately wounded.
The warg barely misses you.
You barely miss the warg.
The warg is moderately wounded.
The warg closely misses you.
You barely miss the warg.
The warg is moderately wounded.
You hit the warg. You punch the warg.
The warg is heavily wounded.
The warg closely misses you.
You hit the warg but do no damage.
The warg is heavily wounded.
Okay, then.
You barely miss the warg.
The warg is heavily wounded.
The warg bites you.
* * * LOW HITPOINT WARNING * * *
You barely miss the warg.
The warg is heavily wounded.
The warg bites you.
* * * LOW HITPOINT WARNING * * *
The warg bites you.
You die...
Kikubaaqudgha rasps: "You have failed me!
Welcome... death!"

### ##### ###
#.###.###########.#.#########.#
#............)................#
#.###.#########.#.#.#########.#
#...# #.#)..#.......#.# #.#.#
#.#.#.###.###.#.# #.#.# #@#...#
#.# #.#.# #.#.#
#h#<..###.###.#.# ##.#.#.#
#.#.........#.#.# .. #.#.#
#.#...###.#.#.#.# .....#.#
#†#.........#.#.# #.##.#.#
#.#...........#.# ......
#.#.........###.# #.#...
#.#.............# . .....
#...#.###...#####


You could see a warg.

Vanquished Creatures
  3 yaks (D:7)
  Menkaure (D:6)
  2 wargs (D:8)
  Duvessa (D:6)
  3 black bears
  A sky beast (D:6)
  An ice beast (D:5)
  2 centaurs (D:5)
  2 lemures (D:8)
  3 bullfrogs
  A gnoll sergeant (D:7)
  2 necrophages
  Blork the orc (D:5)
  3 scorpions
  3 wights
  A howler monkey (D:6)
  3 electric eels (D:7)
  3 jellies
  An orc priest (D:6)
  4 hounds
  3 iron imps (D:3)
  2 iguanas
  Natasha (twice) (D:4)
  4 orc wizards
  4 adders
  5 gnolls (D:7)
  A shadow imp (D:4)
  A white imp (D:5)
  2 ufetubi
  3 worms
  4 dart slugs
  18 orcs
  6 endoplasms
  4 giant cockroaches
  4 goblins
  9 hobgoblins
  11 jackals
  7 quokkas
  5 ball pythons
  10 bats
  5 frilled lizards
  6 kobolds
  5 rats
162 creatures vanquished.

Vanquished Creatures (others)
  29 plants
29 creatures vanquished.

Grand Total: 191 creatures vanquished

Notes
Turn   | Place    | Note
-------+----------+-------------------------------------------
     0 | D:1      | 2tc the Demonspawn Gladiator began the quest for the Orb.
     0 | D:1      | Reached XP level 1. HP: 16/16 MP: 1/1
    95 | D:1      | Reached skill level 3 in Polearms
   192 | D:1      | Gained mutation: You regenerate magic rapidly. [demonic
                  | ancestry]
   192 | D:1      | Reached XP level 2. HP: 20/22 MP: 2/2
   938 | D:1      | Learned a level 1 spell: Necrotise
   950 | D:1      | Reached XP level 3. HP: 27/27 MP: 3/3
  1182 | D:2      | Reached skill level 4 in Polearms
  1641 | D:2      | Gained mutation: You have sharp fingernails. [demonic
                  | ancestry]
  1641 | D:2      | Reached XP level 4. HP: 15/33 MP: 4/4
  2161 | D:2      | Found a faded altar of an unknown god.
  2245 | D:3      | Found a burning altar of Makhleb.
  2308 | D:3      | Reached skill level 5 in Polearms
  2515 | D:3      | Reached XP level 5. HP: 13/38 MP: 5/5
  2944 | D:3      | Identified the +3 ring mail of Favvow {rN+ Str+2 Stlth+}
  3271 | D:3      | Identified the +6 great sword of Capital Punishment {venom,
                  | *Slow rElec rPois Dex+6}
  3740 | D:4      | Noticed Natasha
  3757 | D:4      | Killed Natasha
  4023 | D:4      | Reached skill level 6 in Polearms
  4390 | D:4      | Found a staircase to the Ecumenical Temple.
  4390 | D:4      | Noticed Natasha
  4414 | D:4      | Killed Natasha
  4415 | D:4      | Reached XP level 6. HP: 24/44 MP: 6/6
  4567 | Temple   | Entered the Ecumenical Temple
  4567 | Temple   | Found a transporter.
  4567 | Temple   | Found a transporter.
  4569 | Temple   | Found a transporter.
  4569 | Temple   | Found a transporter.
  4604 | Temple   | Became a worshipper of Kikubaaqudgha
  4914 | D:5      | Entered Level 5 of the Dungeon
  5060 | D:4      | Noticed Natasha
  5147 | D:5      | Noticed an ice beast
  5250 | D:5      | Reached skill level 1 in Necromancy
  5535 | D:5      | Reached skill level 7 in Polearms
  5823 | D:5      | Noticed Blork the orc
  5847 | D:5      | Killed Blork the orc
  5848 | D:5      | Gained mutation: You are partially covered in yellow
                  | scales. (AC +2) [demonic ancestry]
  5848 | D:5      | Reached XP level 7. HP: 17/50 MP: 7/7
  7163 | D:5      | Reached skill level 8 in Polearms
  7261 | D:6      | Noticed Menkaure
  7319 | D:6      | Gained mutation: You are mostly covered in yellow scales.
                  | (AC +3) [demonic ancestry]
  7319 | D:6      | Reached XP level 8. HP: 33/56 MP: 8/8
  7786 | D:6      | Noticed Duvessa
  7957 | D:6      | Reached * piety under Kikubaaqudgha
  7957 | D:6      | Received a gift from Kikubaaqudgha
  7958 | D:6      | Reached skill level 9 in Polearms
  7958 | D:6      | Reached skill level 5 in Necromancy
  8223 | D:6      | Found a bloodstained altar of Trog.
  8463 | D:6      | Noticed Dowan
  8499 | D:6      | Killed Duvessa
  9769 | D:6      | Killed Menkaure
  9770 | D:6      | Reached skill level 10 in Polearms
 10087 | D:6      | Noticed Dowan
 10087 | D:6      | Dowan changed into Dowan the frilled lizard
 10090 | D:6      | Killed Dowan the frilled lizard
 10417 | D:7      | Gained mutation: You have very sharp fingernails. [demonic
                  | ancestry]
 10417 | D:7      | Reached XP level 9. HP: 49/57 MP: 4/9
 10517 | D:6      | Learned a level 3 spell: Vampiric Draining
 11534 | D:8      | Reached skill level 11 in Polearms
 12206 | D:7      | Reached ** piety under Kikubaaqudgha
 12664 | D:8      | Reached skill level 12 in Polearms
 12673 | D:8      | HP: 1/61 [warg (6)]
 12676 | D:8      | Slain by a warg

Illustrated notes

Levels and vault maps discovered:
D:1:      spicycebolla_arrival_clurvy, layout_basic
D:2:      layout_rooms, ebering_ecumenical_altar_ruins,
          nicolae_concentric_dashed_squares_wild, minmay_misc_feat_iff
D:3:      layout_basic, demons_altar, serial_aquarium,
          aquarium_bridge_long_joined [aquarium_subvault_window,
          aquarium_subvault_bridge, aquarium_subvault_balcony,
          aquarium_subvault_window, aquarium_subvault_bridge,
          aquarium_subvault_window], aquarium_window_2,
          aquarium_window_corridor_1, aquarium_view_2e, aquarium_view_2f,
          aquarium_balcony_1b
D:4:      layout_loops_ring, minmay_temple_entry_sparse_star,
          uniq_crazy_yiuf_cottage, uniq_natasha
D:5:      layout_loops_ring, minmay_manual_mares, uniq_blork_the_orc
D:6:      layout_cave_pools, trog_three_pillars_becter, serial_column_ruins,
          column_ruins_columns_straight, column_ruins_columns_straight,
          column_ruins_columns_corner, column_ruins_open_small, uniq_duvessa,
          uniq_menkaure
D:7:      layout_loops_ring, serial_bayou_lagoon_a
D:8:      layout_basic, erik_lair_orcish_takeover, nicolae_underground_beach,
          uniq_pikel
Temple:   hellmonk_temple_divided_pantheon

Skill      XL: |  1  2  3  4  5  6  7  8  9 |
---------------+----------------------------+-----
Polearms       | 3 4 5 6 7 8 10 12 | 12.0
Necromancy     | 2 4 5 |  5.1
Fighting       | |  2.0
Throwing       | |  1.7
Dodging        | |  2.6

Action                   |  1- 3 |  4- 6 |  7- 9 || total
-------------------------+-------+-------+-------++-------
Melee: Trident           |   150 |    12 |       ||   162
       Spear             |       |   448 |   786 ||  1234
       Punch             |       |     7 |    19 ||    26
Throw: Throwing net      |       |       |     5 ||     5
 Cast: Necrotise         |       |     2 |    41 ||    43
       Vampiric Draining |       |       |     4 ||     4
Evoke: Wand              |       |       |    11 ||    11
  Use: Scroll            |     4 |     9 |     7 ||    20
       Potion            |       |     9 |     6 ||    15
 Stab: Sleeping          |     4 |     3 |     1 ||     8
       Held in net/web   |       |       |     5 ||     5
       Invisible         |       |       |     3 ||     3
Armor: Leather armour    |    65 |   157 |   279 ||   501
Dodge: Dodged            |   116 |   212 |   394 ||   722

Table legend: (Time is in decaauts)
 A = Elapsed time spent in this place.
 B = Non-inter-level travel time spent in this place.
 C = Inter-level travel time spent in this place.
 D = Time resting spent in this place.
 E = Time spent auto-exploring this place.
 F = Levels seen in this place.
 G = Mean time per level.
                   A        B        C        D        E       F      G
               +--------+--------+--------+--------+--------+-----+--------+
         Total |  12331 |  11890 |    441 |   3554 |   6086 |   9 | 1370.1 |
       Dungeon |  12271 |  11840 |    431 |   3554 |   6086 |   8 | 1533.9 |
        Temple |     59 |     49 |     10 |      0 |      0 |   1 |   59.0 |
               +--------+--------+--------+--------+--------+-----+--------+

Top non-repeatable levels by time:
     D:5: 3102 daAuts
     D:7: 2323 daAuts
     D:4: 1630 daAuts
     D:3: 1355 daAuts
     D:6: 1318 daAuts
     D:2: 1123 daAuts
     D:1: 1090 daAuts
     D:8: 327 daAuts
  Temple: 59 daAuts
